 Dungeon Crawl Stone Soup version 0.24.1 (webtiles) character file.

Game seed: 17894798874603416727, levelgen mode: deterministic

67 Destapler the Skirmisher (level 4, 0/38 HPs)
             Began as a Demonspawn Chaos Knight on Apr 5, 2020.
             Was a Plaything of Xom.
             Slain by an adder (2 damage)
             ... on level 2 of the Dungeon.
             The game lasted 00:03:45 (1588 turns).

Destapler the Skirmisher (Demonspawn Chaos Knight)  Turns: 1588, Time: 00:03:46

Health: 0/38       AC:  7    Str: 13    XL:     4   Next: 0%
Magic:  4/4        EV: 11    Int: 12    God:    Xom [.*....]
Gold:   139        SH:  0    Dex: 12    Spells: 3/3 levels left

rFire    . . .     SeeInvis .   a - +0 falchion (chaos)
rCold    . . .     Gourm    .   (no shield)
rNeg     . . .     Faith    .   b - +2 leather armour
rPois    .         Spirit   .   (no helmet)
rElec    .         Reflect  .   (no cloak)
rCorr    .         Harm     .   (no gloves)
MR       .....                  (no boots)
Stlth    +.........             (no amulet)
HPRegen  0.12/turn              (no ring)
MPRegen  0.09/turn              (no ring)

@: lethally poisoned (0 -> -2)
A: hooves 2, iridescent scales 1, dopey 1, powered by pain 1
a: Renounce Religion


You were on level 2 of the Dungeon.
You worshipped Xom.
You were a plaything of Xom.
You were not hungry.

You visited 1 branch of the dungeon, and saw 3 of its levels.

You collected 139 gold pieces.

Inventory:

Hand Weapons
 a - a +0 falchion of chaos (weapon)
Missiles
 f - 6 javelins (quivered)
Armour
 b - a +2 leather armour (worn)
 e - a +0 shield
Magical Staves
 g - an uncursed staff of cold
Scrolls
 d - a scroll of teleportation
 i - 3 scrolls of identify {unknown}
 k - a scroll of remove curse {unknown}
 l - a scroll of immolation {unknown}
Potions
 n - a potion of degeneration {unknown}
Comestibles
 c - 2 rations
 h - 5 chunks of flesh


   Skills:
 + Level 4.9 Fighting
 - Level 2.6 Long Blades
 - Level 1.7 Armour
 - Level 0.8 Dodging


You had 3 spell levels left.
You didn't know any spells.
Your spell library was empty.

Dungeon Overview and Level Annotations

Branches:
Dungeon (3/15)

Altars:
Wu Jian


Innate Abilities, Weirdness & Mutations

You have hoof-like feet.
You are partially covered in iridescent scales. (AC +2)
You sometimes gain a little power by taking damage.
You are dopey. (Int -2)


Message History

The adder poisons you!
You feel sick. The adder bites you.
* * * LOW HITPOINT WARNING * * *
There is a stone staircase leading up here.
The adder bites you.
* * * LOW HITPOINT WARNING * * *
The adder bites you but does no damage.
You climb upwards.
* * * LOW HITPOINT WARNING * * *
You feel sick.
There is a stone staircase leading down here.
You are too injured to fight recklessly!
You are too injured to fight recklessly!
You are too injured to fight recklessly!
You are too injured to fight recklessly!
You are too injured to fight recklessly!
You hit the adder.
The adder seems to slow down.
The adder is lightly wounded.
The adder is no longer moving slowly.
The adder bites you.
You die...

....######.....#....######.#.....
#.#.##................)....#.....
..#.##............#.####...#.....
..................#.# #...#.....
..#######..#......#.# #.#'######
..# ### #..#.###.##.# #........#
..#######..#......#.####.........
..'.._..+..#..#S.##...###........
#.###.###.....#.@S......+........
#.# #.# #.....#.##.##.###.......#
#.###+###.#.#.#.##.######.......#
#...........#....#..............#
##.......##########.............#
#....#############.............#
#....# #.........#.............#
#....# #.........#.............#
###### #.........'.............#


You could see 2 adders.

Vanquished Creatures
  3 worms (D:2)
  A dart slug (D:2)
  A leopard gecko (D:2)
  An orc (D:3)
  8 bats
  4 giant cockroaches
  7 goblins
  7 hobgoblins
  4 jackals
  7 kobolds
  A quokka (D:2)
  A ball python (D:1)
  A frilled lizard (D:1)
  3 rats
49 creatures vanquished.

Notes
Turn   | Place    | Note
-------+----------+-------------------------------------------
     0 | D:1      | Destapler the Demonspawn Chaos Knight began the quest for
                  | the Orb.
     0 | D:1      | Reached XP level 1. HP: 18/18 MP: 1/1
   176 | D:1      | Gained mutation: You have large cloven feet. [demonic
                  | ancestry]
   176 | D:1      | Reached XP level 2. HP: 14/24 MP: 2/2
   285 | D:1      | XOM: silly message
   739 | D:1      | Reached skill level 4 in Fighting
   852 | D:1      | XOM: give mutations
   852 | D:1      | Gained mutation: You are clumsy. (Dex -2) [Xom's mischief]
   852 | D:1      | Gained mutation: You are dopey. (Int -2) [Xom's mischief]
   852 | D:1      | Lost mutation: You are clumsy. (Dex -2) [Xom's mischief]
   905 | D:1      | XOM: give mutation
   905 | D:1      | Gained mutation: You have hoof-like feet. [Xom's mischief]
   961 | D:1      | XOM: mild Ice miscast
  1050 | D:2      | XOM: confusion (+ monsters)
  1096 | D:2      | Gained mutation: You are partially covered in iridescent
                  | scales. (AC +2) [demonic ancestry]
  1096 | D:2      | Reached XP level 3. HP: 29/30 MP: 3/3
  1123 | D:2      | Found an ornate altar of the Wu Jian Council.
  1569 | D:3      | Gained mutation: You sometimes gain a little power by
                  | taking damage. [demonic ancestry]
  1569 | D:3      | Reached XP level 4. HP: 37/38 MP: 4/4
  1587 | D:2      | HP: 1/38 [poisoned by an adder]
  1588 | D:2      | Slain by an adder

Levels and vault maps discovered:
D:1:      saegor_arrival_simple_c, layout_basic
D:2:      minmay_diamond_boxcup, layout_basic, lemuel_doored_altar
D:3:      layout_basic, nicolae_ru_the_path_less_chosen, old_standard_altar,
          first_ration, grunt_ministairs_3, minivault_11

Skill      XL: |  1  2 |
---------------+-------+-----
Fighting       | 4 |  4.9
Long Blades    | |  2.6
Armour         | |  1.7
Dodging        | |  0.8

Action                   |  1- 3 |  4- 6 || total
-------------------------+-------+-------++-------
Melee: Falchion          |   106 |     6 ||   112
       Kick              |    18 |     2 ||    20
Throw: Javelin           |     6 |       ||     6
  Use: Potion            |     3 |       ||     3
       Scroll            |     1 |       ||     1
 Stab: Sleeping          |     1 |       ||     1
  Eat: Chunk             |     2 |       ||     2
Armor: Leather armour    |    51 |     2 ||    53
       Skin              |     5 |       ||     5
Dodge: Dodged            |    51 |    10 ||    61
       Rpst.: Falchion   |    22 |     1 ||    23
